[Event "Titled Tuesday Blitz May 03 Early 2022"]
[White "Khamdamova, Afruza"]
[Black "Winkels, Marcel"]
[WhiteFideId "14210444"]
[BlackFideId "1003887"]
[WhiteElo "1660"]
[BlackElo "1900"]
[Result "1-0"]
[Round "05"]
[TimeControl "180+1"]
[Date "2022.05.03"]
[WhiteClock "0:00:57"]
[BlackClock "0:00:06"]

1. e4 c5 2. Nf3 d6 3. d4 cxd4 4. Nxd4 Nf6 5. Nc3 a6 6. Bg5 Nbd7 7. f4 Qc7 8. Qf3 b5 9. O-O-O Bb7 10. Bd3 h6 11. Bh4 g6 12. Kb1 Bg7 13. g4 O-O 14. g5 Nh5 15. Nce2 Nc5 16. f5 Rac8 17. gxh6 Bxh6 18. Rhg1 Nxd3 19. cxd3 Ng7 20. Qg2 e5 21. fxe6 Be3 22. exf7+ Qxf7 23. Rgf1 Qe8 24. Bg5 Bxg5 25. Qxg5 Rc5 26. Qg3 Nh5 27. Qxd6 Rc8 28. Rxf8+ Qxf8 29. Qxg6+ Ng7 30. Rg1 Qf7 31. Nf5 Rc7 32. Nh6+ 1-0


[Site "https://www.chess.com"]

[Event "Titled Tuesday Blitz May 03 Early 2022"]
[White "Khokhlova, Daria"]
[Black "Kanyamarala, Tarun"]
[WhiteFideId "24182729"]
[BlackFideId "45004714"]
[WhiteElo "2034"]
[BlackElo "2177"]
[Result "0-1"]
[Round "05"]
[TimeControl "180+1"]
[Date "2022.05.03"]
[WhiteClock "0:00:37"]
[BlackClock "0:00:58"]

1. d4 d5 2. c4 c6 3. Nf3 Nf6 4. e3 e6 5. b3 Nbd7 6. Bb2 Bb4+ 7. Nbd2 O-O 8. Bd3 Ne4 9. O-O f5 10. Qc2 Bd6 11. Ne5 Nxe5 12. dxe5 Bc7 13. Rad1 Bd7 14. f3 Nxd2 15. Qxd2 Qb8 16. Qc3 Be8 17. e4 dxe4 18. fxe4 Bh5 19. Rd2 fxe4 20. Rxf8+ Qxf8 21. Bxe4 Bb6+ 22. Rd4 Bxd4+ 23. Qxd4 Rd8 0-1


[Site "https://www.chess.com"]

[Event "Titled Tuesday Blitz May 03 Early 2022"]
[White "Kohler, Aran"]
[Black "Petrovic, Aleksa"]
[WhiteFideId "1002856"]
[BlackFideId "967629"]
[WhiteElo "2301"]
[BlackElo "2198"]
[Result "0-1"]
[Round "05"]
[TimeControl "180+1"]
[Date "2022.05.03"]
[WhiteClock "0:00:11"]
[BlackClock "0:00:21"]

1. d4 e6 2. Nf3 Nf6 3. Bg5 c5 4. e3 h6 5. Bxf6 Qxf6 6. c3 b6 7. Nbd2 Bb7 8. Bd3 g6 9. O-O Bg7 10. e4 O-O 11. e5 Qe7 12. Be4 Nc6 13. Nc4 cxd4 14. cxd4 Na5 15. Nd6 Bxe4 16. Nxe4 Nb7 17. Rc1 d5 18. exd6 Nxd6 19. Nxd6 Qxd6 20. Qc2 Qd5 21. Qc4 Rfd8 22. Rfd1 Bf8 23. a3 Kg7 24. Qc3 Bd6 25. h4 Bf4 26. Rc2 Rac8 27. Qxc8 Rxc8 28. Rxc8 Qb3 29. Re1 Qxb2 30. g3 Qxa3 31. Nd2 Bxd2 32. Re2 Qd3 33. Kf1 b5 34. Rc7 b4 35. Rxa7 b3 36. Rb7 Bc3 37. Rxb3 Qd1+ 38. Kg2 Qxb3 39. Re3 Qd5+ 0-1


[Site "https://www.chess.com"]

[Event "Titled Tuesday Blitz May 03 Early 2022"]
[White "Korchmar, Vasiliy"]
[Black "Manukyan, Sargis A."]
[WhiteFideId "24131750"]
[BlackFideId "13303970"]
[WhiteElo "2370"]
[BlackElo "2187"]
[Result "1-0"]
[Round "05"]
[TimeControl "180+1"]
[Date "2022.05.03"]
[WhiteClock "0:00:11"]
[BlackClock "0:00:16"]

1. e4 c5 2. Nf3 d6 3. d4 cxd4 4. Nxd4 Nf6 5. Nc3 g6 6. Be3 Bg7 7. f3 O-O 8. Qd2 Nc6 9. O-O-O d5 10. exd5 Nxd5 11. Nxc6 bxc6 12. Bd4 e5 13. Bc5 Be6 14. g4 Re8 15. h4 h6 16. Ne4 Qc7 17. h5 g5 18. Bc4 Red8 19. Bb3 Nf4 20. Qe3 Bd5 21. Rd2 Ne6 22. Rhd1 Nd4 23. Bxd4 exd4 24. Qd3 c5 25. Bxd5 Rxd5 26. Qc4 Rad8 27. Kb1 Qf4 28. Rd3 Qe5 29. a3 f5 30. Nc3 fxg4 31. fxg4 Kh8 32. Nxd5 Rxd5 33. Rf3 Rd8 34. Rf5 Qb8 35. Rd3 Qh2 36. Ka2 Qg2 37. Rxc5 Qxg4 38. Rc7 Qxh5 39. Rxa7 Rf8 40. a4 g4 41. a5 Qg6 42. Qc7 g3 43. Rxg3 Qe6+ 44. b3 Rg8 45. Rxg7 Rc8 46. Rh7+ Kg8 47. Qg7# 1-0


[Site "https://www.chess.com"]

[Event "Titled Tuesday Blitz May 03 Early 2022"]
[White "Kosteniuk, Alexandra"]
[Black "Vifleemskaia, Svetlana"]
[WhiteFideId "4128125"]
[BlackFideId "4129490"]
[WhiteElo "2469"]
[BlackElo "1901"]
[Result "1-0"]
[Round "05"]
[TimeControl "180+1"]
[Date "2022.05.03"]
[WhiteClock "0:01:31"]
[BlackClock "0:00:10"]

1. e4 e5 2. f4 d5 3. exd5 exf4 4. Nf3 Nf6 5. Bb5+ c6 6. dxc6 Nxc6 7. d4 Bg4 8. Bxf4 Qa5+ 9. Nc3 O-O-O 10. Bxc6 bxc6 11. O-O Bd6 12. Qd2 c5 13. d5 c4 14. Bxd6 Rxd6 15. Qf4 Rhd8 16. Qxc4+ Kb8 17. Nd4 Qb6 18. Kh1 Ka8 19. Nc6 Rc8 20. Rxf6 Rxf6 21. Qxg4 Re8 22. h3 Qxb2 23. Rb1 Qxc3 24. Qd7 Re1+ 25. Rxe1 Qxe1+ 26. Kh2 Rxc6 27. Qxc6+ Kb8 28. Qd6+ Kb7 29. Qd7+ Ka6 30. Qc6+ Ka5 31. Qc5+ Ka6 32. d6 Qd2 33. Qc6+ Ka5 34. Qc7+ Ka6 35. d7 1-0


[Site "https://www.chess.com"]

[Event "Titled Tuesday Blitz May 03 Early 2022"]
[White "Kozak, Antoni"]
[Black "Stevens, Christian"]
[WhiteFideId "21832030"]
[BlackFideId "2604450"]
[WhiteElo "2236"]
[BlackElo "2501"]
[Result "1/2-1/2"]
[Round "05"]
[TimeControl "180+1"]
[Date "2022.05.03"]
[WhiteClock "0:00:03"]
[BlackClock "0:00:02"]

1. e4 c5 2. c3 Nf6 3. e5 Nd5 4. Nf3 Nc6 5. Bc4 e6 6. O-O d6 7. d4 cxd4 8. cxd4 Be7 9. Qe2 O-O 10. Nc3 Nxc3 11. bxc3 dxe5 12. dxe5 Qc7 13. Bd3 Bd7 14. Qe4 g6 15. Be3 Rfd8 16. h4 Be8 17. Bg5 Bxg5 18. hxg5 Rd5 19. Rfe1 Rad8 20. Bf1 Ne7 21. c4 Rc5 22. Nd4 Nc6 23. Nb5 Qxe5 24. Qxe5 Nxe5 25. Rad1 Rxd1 26. Rxd1 Nxc4 27. Bxc4 Bxb5 28. Rd8+ Kg7 29. Bb3 Rxg5 30. f3 Rc5 31. Kf2 Bc6 32. Rc8 a5 33. Rc7 Rc3 34. Bxe6 Rc2+ 35. Kg3 Kf6 36. Bxf7 h5 37. Bb3 Rc3 38. Rf7+ Kg5 39. Rc7 h4+ 40. Kf2 b5 41. Bd5 Rc2+ 42. Ke3 Rc3+ 43. Kd2 Bxd5 44. Rxc3 Bxa2 45. Rc5+ Kf4 46. Rxb5 Bc4 47. Rxa5 Bf1 48. Ke1 Bxg2 49. Kf2 Bxf3 50. Ra4+ Be4 51. Ra6 g5 52. Rf6+ Bf5 53. Ra6 g4 54. Ra4+ Be4 55. Kg1 g3 56. Ra2 h3 57. Rd2 Ke3 58. Ra2 Bd3 59. Rb2 Kf3 60. Rb3 Ke3 61. Rb2 Kd4 62. Ra2 h2+ 63. Rxh2 gxh2+ 64. Kxh2 1/2-1/2


[Site "https://www.chess.com"]

[Event "Titled Tuesday Blitz May 03 Early 2022"]
[White "Lamaze, Simon"]
[Black "Ezat, Mohamed"]
[WhiteFideId "36069264"]
[BlackFideId "10600906"]
[WhiteElo "1999"]
[BlackElo "2386"]
[Result "1/2-1/2"]
[Round "05"]
[TimeControl "180+1"]
[Date "2022.05.03"]
[WhiteClock "0:00:26"]
[BlackClock "0:00:09"]

1. d4 Nf6 2. Bf4 d5 3. e3 c5 4. c3 Nc6 5. Nf3 Bg4 6. Nbd2 e6 7. Be2 Bd6 8. dxc5 Bxc5 9. h3 Bh5 10. O-O O-O 11. Bh2 Bd6 12. Bxd6 Qxd6 13. c4 Rfd8 14. cxd5 Qxd5 15. Nb3 Qe4 16. Qb1 Qb4 17. Qe1 Qb6 18. Rc1 a5 19. Nfd4 Bg6 20. Nxc6 bxc6 21. Nd4 c5 22. Nb3 a4 23. Nxc5 Qxb2 24. Bf3 Nd5 25. Bxd5 Rxd5 26. e4 Rdd8 27. f4 Rd2 28. Qg3 Qd4+ 29. Kh2 Bxe4 30. Nxe4 Qxe4 31. Rf2 Rxf2 32. Qxf2 h6 33. Rc7 a3 34. Qd2 Rb8 35. Rc2 Rb4 36. g3 Rb1 37. g4 Rh1+ 38. Kg3 Rg1+ 39. Kh4 Kh7 40. Rc3 Rh1 41. Qc2 Qxc2 42. Rxc2 Ra1 43. Kg3 f6 44. Kf3 Kg6 45. Ke4 f5+ 46. Ke5 Re1+ 47. Kd6 fxg4 48. hxg4 Re4 49. Rf2 Kf6 50. Kc5 Re1 51. Kb4 Re4+ 52. Kxa3 g5 53. fxg5+ Kxg5 54. Rh2 Rxg4 55. Kb3 h5 56. a3 h4 57. a4 Rg3+ 58. Kb4 Rg1 59. a5 Rb1+ 60. Ka3 Ra1+ 61. Kb4 Kg4 62. Rg2+ Kf3 63. Rg6 h3 64. Rf6+ Kg2 65. Rxe6 h2 66. Rg6+ Kf3 67. Rh6 h1=Q 68. Rxh1 Rxh1 69. a6 Ra1 70. Kb5 Ke4 71. Kb6 Kd5 72. a7 Rb1+ 73. Kc7 Rc1+ 74. Kb7 Rb1+ 75. Kc7 Ra1 76. Kb7 Kd6 77. a8=Q Rxa8 78. Kxa8 1/2-1/2


[Site "https://www.chess.com"]

[Event "Titled Tuesday Blitz May 03 Early 2022"]
[White "Laohawirapap, Prin"]
[Black "Subaste, Arman"]
[WhiteFideId "6205003"]
[BlackFideId "5221080"]
[WhiteElo "1832"]
[BlackElo "1856"]
[Result "1-0"]
[Round "05"]
[TimeControl "180+1"]
[Date "2022.05.03"]
[WhiteClock "0:00:09"]
[BlackClock "0:00:30"]

1. e4 g6 2. d4 Bg7 3. Nc3 c6 4. h3 d5 5. e5 h5 6. Nf3 Nh6 7. Bg5 Qb6 8. Na4 Qa5+ 9. c3 Nd7 10. b4 Qc7 11. e6 fxe6 12. Bd3 Nf8 13. Qc2 Nf5 14. Rg1 h4 15. O-O-O Bd7 16. Rde1 O-O-O 17. g4 hxg3 18. fxg3 Rxh3 19. Bxf5 exf5 20. Rxe7 Bh8 21. Bf4 Qxf4+ 22. gxf4 Rxf3 23. Nc5 Bf6 24. Rf7 Bh4 25. Qh2 Bf2 26. Rg2 Be3+ 27. Kc2 Bxf4 28. Qg1 Be3 29. Qd1 Rh3 30. Nxd7 Nxd7 31. Rxg6 Rh2+ 32. Kd3 f4 33. Rgg7 Rd2+ 34. Qxd2 Bxd2 35. Kxd2 Nb6 36. Rc7+ Kb8 37. Rxb7+ Ka8 38. Rxa7+ Kb8 39. Rab7+ Ka8 40. Rxb6 Rf8 41. Rxc6 f3 42. Ke1 f2+ 43. Kf1 Kb8 44. Rg2 Rf3 45. Rc5 Kb7 46. Rxf2 Rd3 47. Rf6 Rd2 48. a4 Ra2 49. a5 1-0


[Site "https://www.chess.com"]

[Event "Titled Tuesday Blitz May 03 Early 2022"]
[White "Le Ruyet, Leopold"]
[Black "Nguyen, Hong Anh"]
[WhiteFideId "645923"]
[BlackFideId "12406732"]
[WhiteElo "2276"]
[BlackElo "2016"]
[Result "0-1"]
[Round "05"]
[TimeControl "180+1"]
[Date "2022.05.03"]
[WhiteClock "0:00:09"]
[BlackClock "0:01:11"]

1. c4 Nf6 2. Nc3 d5 3. cxd5 Nxd5 4. e4 Nb6 5. d4 g6 6. h4 Bg7 7. Be3 Nc6 8. d5 Ne5 9. f4 Ng4 10. Bd4 e5 11. fxe5 Nxe5 12. Nf3 Bg4 13. Bb5+ Nbd7 14. Bxd7+ Qxd7 15. Bxe5 Bxf3 16. Qxf3 Bxe5 17. O-O-O O-O-O 18. Kb1 Kb8 19. Rhf1 f6 20. Ne2 Qa4 21. Rd3 Rd6 22. Ra3 Qb5 23. Rb3 Qd7 24. Rc1 Re8 25. Qd3 Rb6 26. Nd4 Qa4 27. Nb5 a6 28. Nc3 Rxb3 29. axb3 Qxb3 30. Qc2 Qxc2+ 31. Kxc2 Bxc3 32. bxc3 Rxe4 33. Rf1 f5 34. g3 Re3 35. Rg1 Kc8 36. Kd2 Rf3 37. h5 Kd7 38. hxg6 hxg6 39. Rh1 Rxg3 0-1


[Site "https://www.chess.com"]

[Event "Titled Tuesday Blitz May 03 Early 2022"]
[White "Le, Tuan Minh"]
[Black "Kamsky, Gata"]
[WhiteFideId "12401153"]
[BlackFideId "2000024"]
[WhiteElo "2450"]
[BlackElo "2645"]
[Result "1-0"]
[Round "05"]
[TimeControl "180+1"]
[Date "2022.05.03"]
[WhiteClock "0:00:06"]
[BlackClock "0:00:02"]

1. d4 Nf6 2. Nf3 e6 3. Bf4 c5 4. c3 b6 5. e3 Be7 6. Bd3 Ba6 7. Bxa6 Nxa6 8. O-O O-O 9. Qd3 Qc8 10. Bg5 Nc7 11. e4 h6 12. Bh4 Re8 13. Re1 cxd4 14. cxd4 Qa6 15. Qb3 b5 16. Bg3 Rac8 17. a4 d5 18. Nc3 b4 19. Nb5 Nxb5 20. axb5 Qxb5 21. e5 Ne4 22. Rxa7 Qc4 23. Qa4 b3 24. Qxc4 Rxc4 25. Rb7 Bb4 26. Ra1 Rec8 27. Bf4 g5 28. Be3 g4 29. Ne1 Bd2 30. Nd3 Bxe3 31. fxe3 Rc2 32. Rxb3 Nd2 33. Rb7 Nc4 34. Rf1 Rf8 35. Re1 Rd2 36. Nf4 Rxb2 37. Rxb2 Nxb2 38. Nh5 Rc8 39. Nf6+ Kg7 40. Nxg4 Rc2 41. h3 Nc4 42. Nf6 Nd2 43. Nh5+ Kg6 44. Ng3 h5 45. h4 Ne4 46. Nxe4 dxe4 47. Kh2 f6 48. exf6 Kxf6 49. Rf1+ Kg6 50. Rf4 e5 51. dxe5 Rc3 52. e6 Rc7 53. Rxe4 Re7 54. Re5 Kf6 55. Rxh5 1-0


[Site "https://www.chess.com"]

[Event "Titled Tuesday Blitz May 03 Early 2022"]
[White "Legenia, Artem"]
[Black "Chernomordik, Pavel"]
[WhiteFideId "14136945"]
[BlackFideId "2804530"]
[WhiteElo "1936"]
[BlackElo "2220"]
[Result "0-1"]
[Round "05"]
[TimeControl "180+1"]
[Date "2022.05.03"]
[WhiteClock "0:00:35"]
[BlackClock "0:00:52"]

1. d4 g6 2. Nf3 Bg7 3. Bf4 d6 4. e3 Nd7 5. h3 e5 6. Bh2 Qe7 7. Be2 Nh6 8. O-O O-O 9. dxe5 dxe5 10. Nbd2 Nb6 11. c3 f5 12. Nc4 Rd8 13. Qc2 Nf7 14. Rad1 Nxc4 15. Rxd8+ Nxd8 16. Bxc4+ Be6 17. Bxe6+ Qxe6 18. Qb3 Qxb3 19. axb3 Nf7 20. Rd1 Kf8 21. Rd7 Rc8 22. Kf1 Ke8 23. Rd5 e4 24. Nd4 Ke7 25. Ne2 b6 26. b4 c6 27. Rd2 Be5 28. Bxe5 Nxe5 29. b3 c5 30. bxc5 Rxc5 31. c4 Nd3 32. Nc3 Ke6 33. f3 Ke5 34. f4+ Ke6 35. Rxd3 exd3 36. Ke1 Ra5 37. Na4 Kd6 38. Kd2 b5 39. c5+ Kc6 40. Nb2 Ra2 41. Kc3 d2 0-1


[Site "https://www.chess.com"]

[Event "Titled Tuesday Blitz May 03 Early 2022"]
[White "Lehtosaari, Mauri"]
[Black "Ramirez Vido, Robert Yorisan"]
[WhiteFideId "501999"]
[BlackFideId "3513823"]
[WhiteElo "2543"]
[BlackElo "2295"]
[Result "1/2-1/2"]
[Round "05"]
[TimeControl "180+1"]
[Date "2022.05.03"]
[WhiteClock "0:00:13"]
[BlackClock "0:00:07"]

1. d4 g6 2. Nf3 Nf6 3. Bg5 Bg7 4. Nbd2 O-O 5. c3 d6 6. e3 Nbd7 7. Bc4 h6 8. Bxf6 Nxf6 9. O-O c6 10. a4 Qc7 11. Qc2 Kh7 12. h3 e5 13. dxe5 dxe5 14. Rfd1 Rd8 15. Ne4 Nxe4 16. Qxe4 Bf5 17. Qh4 Kg8 18. Qg3 Qe7 19. Nh4 Rxd1+ 20. Rxd1 Be6 21. Bxe6 Qxe6 22. Qg4 Qxg4 23. hxg4 Kf8 24. Rd7 Rb8 25. f4 Ke8 26. Rd2 Rd8 27. Nf3 exf4 28. exf4 Rxd2 29. Nxd2 Kd7 30. Kf2 Ke6 31. Kf3 Kd5 32. f5 b5 33. axb5 cxb5 34. Ne4 Be5 35. Ke3 a5 36. Kd3 a4 37. Nd2 Bf4 38. Ne4 Bc1 39. Nf6+ Ke5 40. Nd7+ Kd6 41. fxg6 fxg6 42. Nf8 Bxb2 43. Nxg6 a3 44. Kc2 Kc5 45. Ne5 Ba1 46. Kb3 Kd5 47. Nd3 Ke4 48. Nb4 Bb2 49. Nc6 Kf4 50. Nd4 Kxg4 51. Nxb5 Kg3 52. Nd6 Kxg2 53. Nf5 h5 54. c4 Be5 55. c5 Kf3 56. Kxa3 Kg4 57. Ne3+ Kf3 58. Nf5 Kg4 59. Ne3+ Kf3 60. Nf5 1/2-1/2


[Site "https://www.chess.com"]

[Event "Titled Tuesday Blitz May 03 Early 2022"]
[White "Liyanage, Ranindu Dilshan"]
[Black "Abarca Gonzalez, Nicolas"]
[WhiteFideId "9915834"]
[BlackFideId "3409422"]
[WhiteElo "1858"]
[BlackElo "2504"]
[Result "0-1"]
[Round "05"]
[TimeControl "180+1"]
[Date "2022.05.03"]
[WhiteClock "0:00:31"]
[BlackClock "0:00:41"]

1. e4 c5 2. Nf3 d6 3. d4 cxd4 4. Nxd4 Nf6 5. Nc3 g6 6. h3 Bg7 7. g4 Nc6 8. Be3 O-O 9. Bg2 Nxd4 10. Bxd4 Be6 11. O-O Qa5 12. Qd2 Rfd8 13. Rad1 Rac8 14. Rfe1 Rc4 15. Bf1 Rxd4 16. Qxd4 Nxg4 17. Qd2 Ne5 18. Qe3 Rc8 19. f4 Nc4 20. Bxc4 Rxc4 21. Rd3 Qh5 22. Qe2 Qh4 23. Qf2 Bd4 24. Rxd4 Qxf2+ 25. Kxf2 Rxd4 26. b3 Rd2+ 27. Re2 Rxe2+ 28. Kxe2 Bxh3 29. Nd5 Kf8 30. Kf3 Be6 31. Ne3 h5 32. f5 Bd7 33. Kf4 Kg7 34. Kg5 f6+ 35. Kh4 Bc6 36. fxg6 Bxe4 37. Nf5+ Bxf5 0-1


[Site "https://www.chess.com"]

[Event "Titled Tuesday Blitz May 03 Early 2022"]
[White "Ljukin, Sergei"]
[Black "Gatterer, Florian"]
[WhiteFideId "14102200"]
[BlackFideId "811688"]
[WhiteElo "2312"]
[BlackElo "2218"]
[Result "1-0"]
[Round "05"]
[TimeControl "180+1"]
[Date "2022.05.03"]
[WhiteClock "0:01:33"]
[BlackClock "0:00:50"]

1. e4 e5 2. Nf3 Nc6 3. Bb5 a6 4. Ba4 Nf6 5. Qe2 b5 6. Bb3 Bc5 7. c3 O-O 8. d3 d5 9. Bg5 dxe4 10. dxe4 h6 11. Bh4 Na5 12. Bc2 Re8 13. b4 g5 14. Bg3 Bxf2+ 15. Bxf2 Nc4 16. Nbd2 Be6 17. Bb3 Nxd2 18. Nxd2 Bg4 19. Qe3 c5 20. bxc5 Rc8 21. O-O Nd7 22. Qg3 Bh5 23. Qh3 Bg6 24. Qxh6 Nf8 25. Nf3 Bxe4 26. Bxf7+ Kxf7 27. Nxg5+ Kg8 28. Nxe4 1-0


[Site "https://www.chess.com"]

[Event "Titled Tuesday Blitz May 03 Early 2022"]
[White "Lohani, Sujana"]
[Black "Melikhov, Evgeny V."]
[WhiteFideId "12311987"]
[BlackFideId "4122046"]
[WhiteElo "1691"]
[BlackElo "1931"]
[Result "0-1"]
[Round "05"]
[TimeControl "180+1"]
[Date "2022.05.03"]
[WhiteClock "0:00:01"]
[BlackClock "0:00:11"]

1. d4 Nf6 2. c4 e6 3. Nc3 Bb4 4. e4 Nxe4 5. Qc2 Nxc3 6. bxc3 Be7 7. Bd3 f5 8. Rb1 O-O 9. f4 d6 10. Nf3 Nd7 11. O-O Nf6 12. Re1 h6 13. h3 Qe8 14. d5 Qf7 15. dxe6 Bxe6 16. Rxb7 Ne4 17. Bxe4 fxe4 18. Qxe4 Bh4 19. Nxh4 Bxc4 20. Qe7 Rac8 21. Qxf7+ Rxf7 22. Ng6 Kh7 23. Re7 Kxg6 24. Rxf7 Kxf7 25. Rxa7 Ke6 26. a4 Kd7 27. Be3 Rb8 28. Bd4 g6 29. a5 Kc6 30. Kf2 Rb2+ 31. Kg3 Bd5 32. Bf2 h5 33. h4 Rc2 34. Ra8 Rxc3+ 35. Kh2 Rc2 36. Kg1 Ra2 37. a6 Kd7 38. Ra7 Ke6 39. g3 c5 40. Rg7 Kf5 41. a7 Kg4 42. Rd7 Ra1+ 43. Be1 Rxe1+ 44. Kf2 Ra1 45. Rxd6 Be4 46. Re6 Bf5 47. Re7 c4 0-1


[Site "https://www.chess.com"]

[Event "Titled Tuesday Blitz May 03 Early 2022"]
[White "Lopez, Henry"]
[Black "Saravana, Krishnan P."]
[WhiteFideId "5203830"]
[BlackFideId "5018382"]
[WhiteElo "2177"]
[BlackElo "2210"]
[Result "1-0"]
[Round "05"]
[TimeControl "180+1"]
[Date "2022.05.03"]
[WhiteClock "0:00:28"]
[BlackClock "0:00:02"]

1. d4 d5 2. Nf3 Nf6 3. c4 c6 4. Nc3 dxc4 5. a4 Bf5 6. Nh4 Bc8 7. e3 e5 8. Bxc4 exd4 9. exd4 Be7 10. Nf3 O-O 11. h3 a5 12. O-O Nbd7 13. Ne5 Nb6 14. Bb3 Nbd5 15. Be3 Bf5 16. Rc1 h6 17. Re1 Bb4 18. Qf3 Bh7 19. Nxd5 Nxd5 20. Red1 Nf6 21. Qg3 Ne4 22. Qg4 Nf6 23. Qg3 Ne4 24. Qg4 Qd6 25. Bf4 Nf6 26. Nxf7 Nxg4 27. Bxd6 Rxf7 28. Bxb4 axb4 29. hxg4 Kf8 30. Bxf7 Kxf7 31. d5 cxd5 32. Rxd5 Rxa4 33. Rd7+ Kf6 34. Rxb7 Be4 35. Rb6+ Kg5 36. b3 Ra2 37. Rxb4 Ba8 38. Rc5+ Kg6 39. Rb6+ Kh7 40. f3 Rd2 41. b4 Rd1+ 42. Kf2 Rd2+ 43. Kg3 Rb2 44. Rb8 Ra2 45. Ra5 1-0


[Site "https://www.chess.com"]

[Event "Titled Tuesday Blitz May 03 Early 2022"]
[White "Madmaxfury1995"]
[Black "Popadic, Dragan"]
[BlackFideId "913650"]
[WhiteElo "2597"]
[BlackElo "2203"]
[Result "1-0"]
[Round "05"]
[TimeControl "180+1"]
[Date "2022.05.03"]
[WhiteClock "0:00:42"]
[BlackClock "0:00:01"]

1. d4 Nf6 2. Nf3 g6 3. Bf4 Bg7 4. e3 d6 5. h3 O-O 6. Be2 c5 7. c3 Nc6 8. Nbd2 Bf5 9. O-O Ne4 10. Nxe4 Bxe4 11. Nd2 Bf5 12. Qb3 Na5 13. Qd1 a6 14. Bf3 Nc6 15. dxc5 dxc5 16. e4 Be6 17. Qe2 Ne5 18. Rfd1 Qb6 19. b3 Rad8 20. Nf1 Qa5 21. Bd2 Rd3 22. Ne3 Rfd8 23. Be1 Nxf3+ 24. Qxf3 Bxc3 25. Bxc3 Qxc3 26. Rdc1 Qb4 27. Rc2 b6 28. Rac1 Qd4 29. h4 h5 30. Kh2 Qe5+ 31. g3 Qd4 32. Qf4 a5 33. Nc4 Bxc4 34. Rxc4 Qd6 35. e5 Qe6 36. R1c2 R3d4 37. Qe3 Rxc4 38. Rxc4 Rd5 39. Re4 Rd1 40. Qf3 Rd5 41. Qe2 Qf5 42. e6 f6 43. Rf4 Qe5 44. Re4 Qc3 45. Re3 Qd2 46. Qf3 Rf5 47. Qa8+ Kg7 48. Rf3 Rxf3 49. Qxf3 Qd4 50. Kg2 Qe5 51. Qc6 f5 52. Qxb6 Kf6 53. Qc6 Qxe6 54. Qxc5 Qe4+ 55. Kh2 Qe2 56. Qd4+ Kf7 57. Qd5+ e6 58. Qd4 Qxa2 59. Qa7+ 1-0


[Site "https://www.chess.com"]

[Event "Titled Tuesday Blitz May 03 Early 2022"]
[White "Mammadzada, Gunay"]
[Black "Turutin, Alexander"]
[WhiteFideId "13403729"]
[BlackFideId "4180623"]
[WhiteElo "2242"]
[BlackElo "2402"]
[Result "1-0"]
[Round "05"]
[TimeControl "180+1"]
[Date "2022.05.03"]
[WhiteClock "0:00:02"]
[BlackClock "0:00:08"]

1. e4 c6 2. d4 d5 3. exd5 cxd5 4. Bd3 Nc6 5. c3 Nf6 6. Ne2 Bg4 7. Bf4 e6 8. Qb3 Qd7 9. Ng3 Nh5 10. Nxh5 Bxh5 11. Na3 Be7 12. Nb5 O-O 13. Qc2 Bg6 14. Bxg6 hxg6 15. O-O Rac8 16. Qe2 a6 17. Na3 Bxa3 18. bxa3 Ne7 19. Rac1 Rc4 20. Bd2 Ra4 21. Qg4 Rxa3 22. Rfe1 Rxa2 23. Bf4 Rc8 24. h4 Nf5 25. h5 gxh5 26. Qxh5 Qb5 27. g4 Ne7 28. Be5 Ng6 29. Re3 Qb2 30. Rf1 Rxc3 31. Rxc3 Qxc3 32. Qg5 Qf3 33. Bg3 Re2 34. Rc1 Qa3 35. Rc8+ Nf8 36. Be5 f6 37. Bxf6 1-0


[Site "https://www.chess.com"]

[Event "Titled Tuesday Blitz May 03 Early 2022"]
[White "Manon, Reja Neer"]
[Black "Reprintsev, Alexander"]
[WhiteFideId "10224009"]
[BlackFideId "14100541"]
[WhiteElo "1911"]
[BlackElo "2108"]
[Result "0-1"]
[Round "05"]
[TimeControl "180+1"]
[Date "2022.05.03"]
[WhiteClock "0:00:02"]
[BlackClock "0:00:04"]

1. e4 d5 2. exd5 Qxd5 3. Nc3 Qa5 4. d4 Nf6 5. Bc4 Bg4 6. f3 Be6 7. Bxe6 fxe6 8. Ne2 Nc6 9. Bd2 O-O-O 10. Ne4 Qb6 11. c3 Nxe4 12. fxe4 Qxb2 13. Nf4 e5 14. Ne6 Rd6 15. d5 Nd8 16. Nc5 Qb5 17. Be3 b6 18. Rb1 Qc4 19. Qg4+ e6 20. Nb3 Rxd5 21. Nd2 Qxc3 22. exd5 Qxe3+ 23. Kd1 h5 24. Qf3 Qxf3+ 25. Nxf3 exd5 26. Nxe5 Bd6 27. Ng6 Re8 28. g3 Re6 29. Nh4 g5 30. Nf3 g4 31. Nd4 Re4 32. Ne2 Ra4 33. Nc3 Rc4 34. Kd2 d4 35. Nb5 Kd7 36. Kd3 Ra4 37. Nxd4 Rxa2 38. Ra1 Rxa1 39. Rxa1 a5 40. Rf1 c5 41. Nc2 Ke6 42. Kc4 Bc7 43. Kb5 Nf7 44. Re1+ Kd7 45. Ne3 Nd6+ 46. Ka6 a4 47. Nd5 a3 48. Nxb6+ Kc6 49. Na4 Nc4 50. Rc1 Kd5 51. Nc3+ Kc6 52. Ne4 Kd5 53. Nc3+ Kc6 54. Na2 Ne3 55. Nc3 Be5 56. Na2 Bb2 57. Nb4+ Kd6 58. Rc4 cxb4 59. Rc6+ Kxc6 0-1


[Site "https://www.chess.com"]

[Event "Titled Tuesday Blitz May 03 Early 2022"]
[White "Manukian, Artak"]
[Black "Zainullina, Nataliya"]
[WhiteFideId "13301373"]
[BlackFideId "4145488"]
[WhiteElo "2368"]
[BlackElo "2062"]
[Result "1-0"]
[Round "05"]
[TimeControl "180+1"]
[Date "2022.05.03"]
[WhiteClock "0:00:17"]
[BlackClock "0:00:25"]

1. e4 c6 2. d4 d5 3. e5 Bf5 4. c4 e6 5. Nc3 Bg6 6. Nf3 Ne7 7. Nh4 Nf5 8. Nxf5 Bxf5 9. Qb3 Qc7 10. Be3 Be7 11. Rc1 Qd7 12. Be2 O-O 13. O-O Na6 14. cxd5 cxd5 15. Bxa6 bxa6 16. Qa4 Qb7 17. b3 Rfc8 18. Rfd1 Rc7 19. Ne2 Rac8 20. Rxc7 Qxc7 21. Rc1 Qb7 22. h3 h6 23. Qa5 Bd3 24. Rxc8+ Qxc8 25. Qc3 Qxc3 26. Nxc3 Bb5 27. Nxb5 axb5 28. g4 Kf8 29. Kf1 Ke8 30. Ke2 Kd7 31. f4 Kc6 32. f5 Kb6 33. Bd2 Kc6 34. Kd3 Kd7 35. f6 Bf8 36. h4 Kd8 37. h5 Kd7 38. a4 a6 39. Kc3 Kc6 40. Be3 Kb6 41. Bd2 Ka5 42. Kd3+ Kb6 43. fxg7 Bxg7 44. g5 hxg5 45. axb5 Kxb5 46. Bxg5 Kb4 47. Kc2 a5 48. h6 Bh8 49. h7 Bg7 50. Bf6 Bxf6 51. exf6 a4 52. bxa4 Kxa4 53. h8=Q Kb4 54. Qf8+ Kc4 55. Qc5# 1-0


[Site "https://www.chess.com"]

[Event "Titled Tuesday Blitz May 03 Early 2022"]
[White "Martinez Alcantara, Jose Eduardo"]
[Black "Kouskoutis, Georgios-Alexandros"]
[WhiteFideId "3805662"]
[BlackFideId "4234049"]
[WhiteElo "2917"]
[BlackElo "2541"]
[Result "1-0"]
[Round "05"]
[TimeControl "180+1"]
[Date "2022.05.03"]
[WhiteClock "0:00:41"]
[BlackClock "0:00:01"]

1. e4 c5 2. Nf3 d6 3. c3 Nf6 4. h3 g6 5. Bd3 Bg7 6. Bc2 O-O 7. d4 cxd4 8. cxd4 Nc6 9. O-O e5 10. d5 Nb4 11. Bb3 a5 12. Nc3 Bd7 13. a3 Na6 14. Be3 Rc8 15. Bc2 Nc5 16. b4 axb4 17. axb4 Na6 18. Na2 Bb5 19. Bd3 Bc4 20. Bxc4 Rxc4 21. Nd2 Rc8 22. Rc1 Qd7 23. Qb3 Qb5 24. Rb1 Rc7 25. Nc3 Qd3 26. Na4 Qxb3 27. Rxb3 b5 28. Nc3 Rb8 29. Ra1 Nxb4 30. Rab1 h5 31. Kf1 Bf8 32. Rxb4 Rxc3 33. Rxb5 Rxb5 34. Rxb5 Rc2 35. Rb4 Kg7 36. Ke2 Ra2 37. Kd3 Ra3+ 38. Ke2 Ra2 39. g3 Be7 40. Kf3 Bd8 41. Nc4 Be7 42. Rb7 Kf8 43. Bh6+ Ke8 44. Be3 Kd8 45. Na5 Ke8 46. Nc6 Nd7 47. Rc7 1-0


[Site "https://www.chess.com"]

[Event "Titled Tuesday Blitz May 03 Early 2022"]
[White "Melian, Juan Sebastian"]
[Black "Varshini, V"]
[WhiteFideId "3706575"]
[BlackFideId "5091241"]
[WhiteElo "1842"]
[BlackElo "1948"]
[Result "0-1"]
[Round "05"]
[TimeControl "180+1"]
[Date "2022.05.03"]
[WhiteClock "0:00:24"]
[BlackClock "0:00:05"]

1. Nf3 d5 2. b3 e6 3. Bb2 Nf6 4. e3 Be7 5. d4 O-O 6. Bd3 b6 7. Qe2 Bb7 8. Nbd2 c5 9. O-O Nbd7 10. Ne5 Ne4 11. Ndf3 f6 12. Nxd7 Qxd7 13. Ne1 Rac8 14. Rd1 cxd4 15. exd4 f5 16. c4 Bb4 17. Nf3 Nc3 18. Bxc3 Bxc3 19. cxd5 Bxd5 20. Bc4 Bb4 21. Ne5 Qd8 22. f4 Be7 23. Bb5 Bf6 24. Bc4 Qd6 25. Rfe1 Bxe5 26. fxe5 Qc6 27. Rc1 Qb7 28. Rc2 Bxc4 29. bxc4 Rfd8 30. Rd1 Qe7 31. Rcd2 Rd7 32. d5 Qc5+ 33. Qf2 Qxf2+ 34. Kxf2 exd5 35. cxd5 Rc5 36. Ke3 Kf8 37. Kf4 g6 38. d6 Rc4+ 39. Kg5 Kf7 40. e6+ Kg7 41. exd7 h6# 0-1


[Site "https://www.chess.com"]